 Dungeon Sprint DCSS version 0.28.0-53-g5a82cb258f (webtiles) character file.

Game seed: 1057756323464600226

989 Zeld the Transmogrifier (level 7, -4/79 HPs)
             Began as a Red Draconian Transmuter on June 11, 2022.
             Was a Follower of Sif Muna.
             Slain by a sixfirhy (7 damage)
             ... summoned by a kobold demonologist
             ... in the Dungeon (Sprint I: "Red Sonja").
             The game lasted 00:01:35 (1632 turns).

Zeld the Transmogrifier (Red Draconian Transmuter)  Turns: 1632, Time: 00:01:36

Health: -4/79      AC:  7    Str: 14      XL:     7   Next: 98%
Magic:  16/19      EV: 10    Int: 12 (14) God:    Sif Muna [*.....]
Gold:   251        SH:  0    Dex: 11      Spells: 13/23 levels left

rFire   x . .      SeeInvis .     - Unarmed
rCold   + + +      Faith    .   (shield currently unavailable)
rNeg    . . .      Spirit   .   (armour unavailable)
rPois   +          Reflect  .   (helmet currently unavailable)
rElec   .          Harm     .   (cloak currently unavailable)
rCorr   .          Rampage  .   (gloves currently unavailable)
Will    .....      NoTele   +   (boots currently unavailable)
Stlth   +.........              (no amulet)
HPRegen 0.23/turn               (no ring)
MPRegen 0.16/turn               (no ring)

@: short of breath, ice-form
A: freezing attack, amphibious, boosted hp, (breathe fire), AC +6, large,
unfitting armour, (fire resistance 1), (cold-blooded)
a: End Transformation, Renounce Religion, Channel Magic


You were in the Dungeon.
You worshipped Sif Muna.
Sif Muna was aware of your devotion.
You were a creature of crystalline ice.
You visited 1 branch You collected 405 gold pieces.
You spent 154 gold pieces at shops.

Inventory:

Wands
 g - a wand of polymorph (7)
Scrolls
 e - 7 scrolls of identify
Potions
 a - a potion of curing
 c - a potion of haste
 d - 2 potions of magic


   Skills:
 + Level 7.2 Fighting
 - Level 1.7 Dodging
 + Level 7.1 Unarmed Combat
 * Level 8.7 Spellcasting
 * Level 9.5 Transmutations
 + Level 3.5 Invocations
 + Level 6.0 Evocations


You had 13 spell levels left.
You knew the following spells:

 Your Spells              Type           Power      Damage    Failure   Level
a - Beastly Appendage     Tmut           56%        N/A       1%          1
b - Wereblood             Tmut           28%        N/A       1%          2
c - Spider Form           Tmut/Pois      16%        N/A       6%          3
d - Ice Form              Ice/Tmut       16%        N/A       19%         4

Your spell library contained the following spells:

 Spells                   Type           Power      Damage    Failure   Level


Dungeon Overview and Level Annotations

Branches:
Dungeon (1/1)

Altars:
Cheibriados
Dithmenos
Elyvilon
Fedhas
Gozag
Hepliaklqana
Kikubaaqudgha
Makhleb
Nemelex Xobeh
Okawaru
Qazlal
Ru
Sif Muna
Trog
Uskayaw
Vehumet
Wu Jian
Xom
Yredelemnul
Zin
The Shining One
Jiyva
Lugonu

Shops:
D ?


Innate Abilities, Weirdness & Mutations

You are a creature of crystalline ice.
You have a powerful freezing melee attack.
You are amphibious.
Your maximum health is increased.
Your armour is entirely melded.
You are incapable of wielding weapons or throwing items.
((You can breathe blasts of fire.))
((Your fiery red scales are hard. (AC +6)))
You cannot fit into any form of body armour.
((Your flesh is heat resistant. (rF+)))
((You are cold-blooded and may be slowed by cold attacks.))


Message History

The sixfirhy shocks you!
* * * LOW HITPOINT WARNING * * *
The sixfirhy completely misses you. The neqoxec gestures at you.
Something tries to feed on your intellect!
The sixfirhy closely misses you.
Unknown command.
Blink to where?
Press: ? - help, Dir - move target, p - kobold demonologist
As you read the scroll of blinking, it crumbles to dust.
Which direction?
As you close the door, it creaks loudly!
A sixfirhy opens the door.
There is an open door here.
You feel much better.
Aiming: Polymorph
Press: ? - help, Shift-Dir - straight line, f - sixfirhy
Aim: a sixfirhy (moderately wounded, summoned, will become a neqoxec, an orange demon, or an efreet, chance to affect: 29%)
The sixfirhy easily resists.
Unknown command.
Aiming: Polymorph
Press: ? - help, Shift-Dir - straight line, f/p - sixfirhy
Aim: a sixfirhy (moderately wounded, summoned, will become a neqoxec, an orange demon, or an efreet, chance to affect: 29%)
The sixfirhy easily resists.
The sixfirhy hits you. The sixfirhy shocks you!
* * * LOW HITPOINT WARNING * * *
The sixfirhy barely misses you.
The sixfirhy hits you but does no damage.
The neqoxec gestures at you.
Something tries to feed on your intellect!
There are no items here.
Okay, then.
You hit the sixfirhy. You freeze the sixfirhy.
The sixfirhy is moderately wounded.
The neqoxec disappears in a puff of smoke!
The sixfirhy hits you.
* * * LOW HITPOINT WARNING * * *
The sixfirhy shocks you!
* * * LOW HITPOINT WARNING * * *
The sixfirhy hits you!
You die...

##########################
#<.#..)..#.)Y3.#__#..3335#
#..').#..'..#..'..§.)#K55#
#..#####'#####'#__#### 5.+
#..####..#...#)#### ##
#..#__####..##[#
#..#_____##'#_.+
#⌠⌠#_.∩...'..._#
####_..__##_.#'#
#_____###+#(#


You could see a sixfirhy (summoned).

Vanquished Creatures
  A kobold demonologist (D)
  A slime creature (D)
  Sigmund (D)
  A yak (D)
  A floating eye (D)
  An ogre (D)
  A jelly (D)
  Ijyb (D)
8 creatures vanquished.

Notes
Turn   | Place    | Note
-------+----------+-------------------------------------------
     0 | D        | Zeld the Draconian Transmuter began the quest for the Orb.
     0 | D        | Reached XP level 1. HP: 16/16 MP: 3/3
     1 | D        | Noticed Ijyb
    18 | D        | Killed Ijyb
    19 | D        | Reached skill level 3 in Transmutations
    19 | D        | Reached XP level 2. HP: 20/25 MP: 3/6
   512 | D        | Noticed an ogre
   514 | D        | Killed an ogre
   515 | D        | Reached skill level 5 in Spellcasting
   515 | D        | Reached skill level 5 in Transmutations
   515 | D        | Reached XP level 3. HP: 33/33 MP: 5/9
   515 | D        | Reached XP level 4. HP: 40/40 MP: 6/11
   544 | D        | Learned a level 2 spell: Wereblood
   548 | D        | Learned a level 3 spell: Spider Form
   553 | D        | Learned a level 4 spell: Ice Form
   745 | D        | Noticed Sigmund
   761 | D        | Killed Sigmund
   762 | D        | Reached skill level 5 in Fighting
   762 | D        | Reached skill level 5 in Unarmed Combat
   762 | D        | Reached skill level 7 in Transmutations
   762 | D        | Reached XP level 5. HP: 25/48 MP: 10/13
  1004 | D        | Found an ornate altar of the Wu Jian Council.
  1004 | D        | Found a shimmering blue altar of Sif Muna.
  1006 | D        | Found a radiant altar of Vehumet.
  1011 | D        | Became a worshipper of Sif Muna the Loreminder
  1014 | D        | Reached XP level 6. HP: 43/56 MP: 10/15
  1222 | D        | Found Seema's Magic Scroll Emporium.
  1222 | D        | Found an ancient bone altar of Kikubaaqudgha.
  1222 | D        | Found a hazy altar of Hepliaklqana.
  1222 | D        | Found a stormy altar of Qazlal.
  1222 | D        | Found a hide-covered altar of Uskayaw.
  1222 | D        | Found a blossoming altar of Fedhas.
  1222 | D        | Found a bloodstained altar of Trog.
  1222 | D        | Found an iron altar of Okawaru.
  1222 | D        | Found a basalt altar of Yredelemnul.
  1222 | D        | Found a glowing golden altar of the Shining One.
  1222 | D        | Found a snail-covered altar of Cheibriados.
  1222 | D        | Found a sacrificial altar of Ru.
  1222 | D        | Found a glowing silver altar of Zin.
  1222 | D        | Found a shadowy altar of Dithmenos.
  1222 | D        | Found a white marble altar of Elyvilon.
  1222 | D        | Noticed a yak
  1230 | D        | Killed a yak
  1231 | D        | Reached skill level 8 in Transmutations
  1231 | D        | Found an opulent altar of Gozag.
  1232 | D        | Found a sparkling altar of Nemelex Xobeh.
  1366 | D        | Bought 2 scrolls of identify for 44 gold pieces
  1366 | D        | Bought a scroll of identify for 22 gold pieces
  1366 | D        | Bought a scroll of identify for 22 gold pieces
  1366 | D        | Bought a scroll of identify for 22 gold pieces
  1366 | D        | Bought a scroll of identify for 22 gold pieces
  1366 | D        | Bought a scroll of identify for 22 gold pieces
  1383 | D        | Found a burning altar of Makhleb.
  1383 | D        | Found a viscous altar of Jiyva.
  1383 | D        | Found a shimmering altar of Xom.
  1383 | D        | Found a corrupted altar of Lugonu.
  1383 | D        | Noticed a slime creature
  1389 | D        | Killed a slime creature
  1389 | D        | Reached * piety under Sif Muna
  1390 | D        | Reached skill level 1 in Invocations
  1390 | D        | Reached skill level 5 in Evocations
  1390 | D        | Your scales start taking on a fiery red colour.
  1390 | D        | Reached XP level 7. HP: 50/64 MP: 1/18
  1390 | D        | Gained mutation: Your flesh is heat resistant. (rF+) [Red
                  | Draconian growth]
  1611 | D        | Noticed a kobold demonologist
  1612 | D        | Noticed a kobold demonologist
  1615 | D        | Reached skill level 9 in Transmutations
  1615 | D        | Noticed a neqoxec
  1617 | D        | Killed a kobold demonologist
  1618 | D        | Noticed a ynoxinul
  1619 | D        | Noticed a sixfirhy
  1632 | D        | HP: 3/79 [sixfirhy[a kobold demonologist] (11)]
  1632 | D        | Slain by a sixfirhy

Illustrated notes

Levels and vault maps discovered:
D:        dungeon_sprint_1 [red_sonja_temple_1, red_sonja_temple_small_1]

Skill      XL: |  1  2  3  4  5  6  7 |
---------------+----------------------+-----
Fighting       | 2 3 5 6 7 |  7.2
Spellcasting   | 3 5 6 7 8 |  8.7
Transmutations | 3 5 7 8 9 |  9.5
Unarmed Combat | 4 5 6 7 |  7.1
Evocations     | 2 4 5 6 |  6.0
Invocations    | 1 3 |  3.5
Dodging        | |  1.7

Action                   |  1- 3 |  4- 6 |  7- 9 || total
-------------------------+-------+-------+-------++-------
Melee: Unarmed           |    16 |    22 |    12 ||    50
       Kick              |     2 |       |       ||     2
       Tailslap          |     1 |     1 |       ||     2
       Headbutt          |     1 |       |       ||     1
       Punch             |     1 |       |       ||     1
 Cast: Beastly Appendage |     2 |       |       ||     2
       Spider Form       |       |     3 |       ||     3
       Ice Form          |       |     1 |     1 ||     2
 Abil: Breathe Fire      |       |       |     1 ||     1
Evoke: Wand              |       |       |     2 ||     2
  Use: Potion            |     1 |       |     1 ||     2
       Scroll            |       |       |     1 ||     1
Armor: Skin              |     6 |     3 |     2 ||    11
Dodge: Dodged            |       |    14 |     6 ||    20
